 Dungeon Crawl Stone Soup version 0.32-a0-975-g85d4e5bfdb (webtiles) character file.

Game seed: 12611056165002857852

128 kae the Changeling (level 4, -4/32 HPs)
             Began as a Demonspawn Shapeshifter on Apr 18, 2024.
             Slain by an orc
             ... wielding a +0 trident
              (5 damage)
             ... on level 3 of the Dungeon.
             The game lasted 00:01:58 (2492 turns).

kae the Changeling (Demonspawn Shapeshifter)        Turns: 2492, Time: 00:01:58

Health: -4/32      AC:  2    Str: 14    XL:     4   Next: 87%
Magic:  4/4        EV: 11    Int: 11    God:
Gold:   92         SH:  0    Dex: 14    Spells: 3/3 levels left

rFire   . .          .
                       - Unarmed
rCold   . . .        (no shield)
rNeg    . . .        a - +0 animal skin
rPois   .            (helmet currently unavailable)
rElec   .            (cloak currently unavailable)
rCorr   .            (gloves currently unavailable)
SInv    .            (boots currently unavailable)
Will    .....        A - amulet of the acrobat
Stlth   +            (no ring)
HPRegen 0.25/turn    (no ring)
MPRegen 0.09/turn

%: acrobat
@: beast-form
A: beast (slay +2), horns 2
a: Begin Untransformation, Convert to Beogh


You were on level 3 of the Dungeon.
You were a hulking beast.
You visited 1 branch of the dungeon, and saw 3 of its levels.

You collected 148 gold pieces.
You spent 56 gold pieces at shops.


Innate Abilities, Weirdness & Mutations

You are a hulking beast.
Your limbs bulge with bestial killing power. (Slay +2)
You have a pair of horns on your head.


   Skills:
 - Level 1.0 Fighting
 - Level 1.7 Dodging
 + Level 3.6 Unarmed Combat
 * Level 4.2 Shapeshifting


You had 3 spell levels left.
You didn't know any spells.
Your spell library contained the following spells:

 Spells                   Type           Power      Damage    Failure   Level
 Necrotise                Necr           0%         1d4       34%         1
 Inner Flame              Hex/Fire       0%         N/A       71%         3
 Vampiric Draining        Necr           0%         2d6       71%         3
 Martyr's Knell           Necr/Summ      0%         N/A       98%         4
 Curse of Agony           Necr           0%         N/A       100%        5
 Irradiate                Conj/Alch      0%         3d11      100%        5
 Ignition                 Fire           0%         3d3       100%        8
 Chain Lightning          Conj/Air       0%         N/A       100%        9
 Fire Storm               Conj/Fire      0%         5d1       100%        9
 Shatter                  Erth           0%         3d5*      100%        9

Inventory:

Missiles
 i - 9 stones (quivered)
Armour
 a - a +0 animal skin (worn)
Magical Staves
 p - a staff of fire {!a}
   (You found it on level 2 of the Dungeon)
Jewellery
 A - an amulet of the acrobat (around neck)
   (You found it on level 3 of the Dungeon)
Talismans
 c - a beast talisman (active)
 d - a flux talisman
Scrolls
 e - a scroll of poison {!r}
 f - a scroll of identify {@r1}
 h - a scroll of immolation {!r!r}
Potions
 b - a potion of lignification {!q}
 g - 2 potions of haste {@q3}
 j - 2 potions of degeneration {!q}
 k - a potion of brilliance {unknown}
 m - 2 potions of mutation {!q}
 o - 2 potions of curing {@q1}
 r - a potion of magic

Dungeon Overview and Level Annotations

Branches:
Dungeon (3/15) Zot: 15516

Altars:

Shops:
D:2 !(:( D:3

(
........##........†.......#
.#.#.#..##.#####...##......
.#.#.#.###.# #........###
...#.#.###.# #...######
####.......# #...#
###.##### #...#### ######.#
#######......# #......#
#..(....[###.# #.######
#.#####h## # #.# #{# ..#
#o# ### #o.


#oo oo.. #... #.... You could see an orc priest and 5 orcs.


Message History

You kill the goblin!
Items here: )) [ ††.
You start resting. 😕 HP[+7]
You regained 7 hp, and now have 27/32 hp.
An endoplasm comes into view. 😎 HP[+5]
Your hp is fully restored (32).
An endoplasm is nearby!
You punch the endoplasm!
You kill the endoplasm!
No target in view!
No target in view!
A bat comes into view.
A bat is nearby!
The bat completely misses you.
You hit the bat but do no damage. The bat closely misses you.
You closely miss the bat. The bat hits you but does no damage.
The bat completely misses you.
A bat is nearby!
You barely miss the bat. The bat hits you.
You closely miss the bat.
The bat hits you but does no damage. 😕 HP[-1]
You take 1 damage, and now have 31/32 hp.
A bat is nearby!
A bat is nearby!
You hit the bat. The bat barely misses you. The bat closely misses you.
A bat is nearby!
The bat misses you. The bat completely misses you. 😎 HP[+1]
Your hp is fully restored (32).
You hit the bat.
You kill the bat!
No target in view!
f - a scroll of identify {@r1}
h - a scroll of immolation {!r!r}
Okay, then.
Found a stone staircase leading up.
You now have 92 gold pieces (gained 16).
k - a fizzy blue potion
Found a stone staircase leading down.
There is a stone staircase leading down here.
An orc wizard comes into view. It is wielding a +0 dagger.
An orc wizard is nearby!
An orc wizard is nearby!
An orc wizard is nearby!
The orc wizard shouts!
An orc comes into view. It is wielding a +0 trident.
An orc priest comes into view. It is wielding a +0 falchion.
An orc comes into view. It is wielding a +0 dagger.
The orc shouts! x2; You hear a shout!
You hear a bark!
You hear a shout!
The orc priest shouts!
An orc comes into view. It is wielding a +0 dagger.
A jackal comes into view.
You closely miss the orc wizard.
The orc shouts!
Your headbutt misses the orc wizard.
The orc wizard mumbles some strange words.
The orc wizard flickers and vanishes!
Deactivating autopickup; reactivate with Ctrl-A.
An orc comes into view. It is wielding a +0 club.
The orc hits you from afar with a +0 trident. 😕 HP[-2]
You take 2 damage, and now have 30/32 hp.
You barely miss something. Something hits you. The orc barely misses you.
You hit something. Something hits you.
The orc hits you from afar with a +0 trident. 😮 HP[-9]
You take 9 damage, and now have 21/32 hp.
MASSIVE DAMAGE!! (PAUSE)
You hit something. Your headbutt misses something. Something hits you.
The orc hits you from afar with a +0 trident.
An orc comes into view. It is wielding a +0 club. 😮 HP[-2]
You take 2 damage, and now have 19/32 hp.
You hit something. Your headbutt misses something. Something hits you.
* * * LOW HITPOINT WARNING * * *
The orc barely misses you.
An orc comes into view. It is wielding a +0 hand axe.
The orc priest shouts, "Surrender to Beogh and we'll let you live!" (press Y on the ability menu to convert to Beogh) 😨 HP[-3]
You take 3 damage, and now have 16/32 hp.
You miss something.
You hear some strange, mumbled words.
A magic dart appears from out of thin air!
The magic dart hits you!
* * * LOW HITPOINT WARNING * * *
The orc hits you from afar with a +0 trident.
* * * LOW HITPOINT WARNING * * *
😱 HP[-13]
You take 13 damage, and now have 3/32 hp.
MASSIVE DAMAGE!! (PAUSE)
You barely miss something. Your headbutt misses something. Something hits you.
* * * LOW HITPOINT WARNING * * *
An orc comes into view. It is wielding a +0 trident.
The orc hits you from afar with a +0 trident.
You die...

Skill      XL: |  1  2  3  4 |
---------------+-------------+-----
Shapeshifting  | 3 4 |  4.2
Unarmed Combat | 3 |  3.6
Fighting       | |  1.0
Dodging        | |  1.7

Action                     |  1- 3 |  4- 6 || total
---------------------------+-------+-------++-------
  Melee: Unarmed           |    84 |    61 ||   145
         Headbutt          |     9 |     5 ||    14
         Punch             |     1 |     1 ||     2
    Use: Scroll            |       |    10 ||    10
   Stab: Sleeping          |     3 |       ||     3
 Armour: Animal skin       |    47 |    37 ||    84
  Dodge: Dodged            |    34 |    29 ||    63

Levels and vault maps discovered:
D:1:      dpeg_arrival_line_fractal, layout_basic, ebering_ecumenical_altar_box
D:2:      layout_loops_ring, serial_shops, nicolae_shop_hallway_plus, shop,
          nicolae_shop_trees, shop
D:3:      minmay_wonky_spiral, layout_loops_cross,
          lemuel_coloured_pillars_altar, vehumet_crystals, serial_shops,
          nicolae_shop_bloodbath_and_beyond

Notes
Turn   | Place    | Note
-------+----------+-------------------------------------------
     0 | D:1      | kae the Demonspawn Shapeshifter began the quest for the
                  | Orb.
     0 | D:1      | Reached XP level 1. HP: 15/15 MP: 1/1
     0 | D:1      | magus.rc [v1.11.3]
   120 | D:1      | Reached skill level 3 in Shapeshifting
   120 | D:1      | Gained mutation: You have a pair of small horns on your
                  | head. [demonic ancestry]
   120 | D:1      | Reached XP level 2. HP: 14/21 MP: 2/2
   333 | D:1      | Reached skill level 3 in Unarmed Combat
   451 | D:1      | You pick up a book of Necromancy and begin reading...
   451 | D:1      | You add the spells Necrotise, Vampiric Draining, Martyr's
                  | Knell and Curse of Agony to your library.
   528 | D:1      | Found a faded altar of an unknown god.
   754 | D:1      | Gained mutation: You have a pair of horns on your head.
                  | [demonic ancestry]
   754 | D:1      | Reached XP level 3. HP: 26/26 MP: 3/3
  1322 | D:2      | Found Bykextoa's Distillery.
  1324 | D:2      | Found Mesuawk's Book Shoppe.
  1332 | D:2      | Bought a potion of curing for 42 gold pieces
  1332 | D:2      | Bought a potion of degeneration for 14 gold pieces
  1336 | D:2      | Found Xavewami's Weapon Shop.
  1407 | D:2      | Found Reothruf's Antique Weapon Shoppe.
  1413 | D:2      | You pick up a book of Spontaneous Combustion and begin
                  | reading...
  1413 | D:2      | You add the spells Inner Flame, Irradiate and Ignition to
                  | your library.
  1445 | D:2      | HP: 6/26 [something (1)]
  1448 | D:2      | Reached XP level 4. HP: 7/32 MP: 4/4
  1451 | D:2      | Reached skill level 4 in Shapeshifting
  1596 | D:2      | HP: 8/32 [dart slug (3)]
  1720 | D:2      | You pick up a book of Annihilations and begin reading...
  1720 | D:2      | You add the spells Chain Lightning, Fire Storm and Shatter
                  | to your library.
  2131 | D:3      | Found Axteuwau's Weapon Emporium.
  2491 | D:3      | HP: 3/32 [orc/+0 trident (6)]
  2492 | D:3      | HP: 1/32 [something (2)]
  2492 | D:3      | Slain by an orc

Vanquished Creatures
  An orc wizard (D:2)
  A gnoll (D:1)
  3 adders (D:2)
  A ribbon worm (D:2)
  3 dart slugs
  6 orcs
  5 ball pythons
  3 bats
  4 endoplasms
  2 giant cockroaches (D:2)
  4 goblins
  7 hobgoblins
  2 quokkas
  2 frilled lizards (D:2)
  A kobold (D:1)
  7 rats
52 creatures vanquished.

Table legend:
 A = Non-vault XP
 B = Vault XP
 C = Vault XP percentage of total XP
 D = Non-vault monster count
 E = Vault monster count
 F = Vault count percentage of total count
                 A         B        C        D         E       F
            +---------+---------+-------+---------+---------+-------
      Total |     184 |       0 |   0.0 |      52 |       0 |   0.0
            +---------+---------+-------+---------+---------+-------
        D:1 |      45 |       0 |   0.0 |      18 |       0 |   0.0
        D:2 |     116 |       0 |   0.0 |      24 |       0 |   0.0
        D:3 |      23 |       0 |   0.0 |      10 |       0 |   0.0
            +---------+---------+-------+---------+---------+-------

Skill      XL: |  1  2  3  4 |
---------------+-------------+-----
Shapeshifting  | 3 4 |  4.2
Unarmed Combat | 3 |  3.6
Fighting       | |  1.0
Dodging        | |  1.7

Action                     |  1- 3 |  4- 6 || total
---------------------------+-------+-------++-------
  Melee: Unarmed           |    84 |    61 ||   145
         Headbutt          |     9 |     5 ||    14
         Punch             |     1 |     1 ||     2
    Use: Scroll            |       |    10 ||    10
   Stab: Sleeping          |     3 |       ||     3
 Armour: Animal skin       |    47 |    37 ||    84
  Dodge: Dodged            |    34 |    29 ||    63

Illustrated notes

Table legend:
 A = Kills in this place as a percentage of kills in the entire game.
 B = Kills by you in this place as a percentage of kills by you in the entire game.
 C = Kills by friends in this place as a percentage of kills by friends in the entire game.
 D = Other kills in this place as a percentage of other kills in the entire game.
 E = Experience gained in this place as a percentage of experience gained in the entire game.
 F = Experience gained in this place divided by the number of levels of this place that you have seen.
                   A       B       C       D       E      F
               +-------+-------+-------+-------+-------+----------------------
         Total | 100.0 | 100.0 |   N/A |   N/A | 100.0 |  61.3
       Dungeon | 100.0 | 100.0 |   N/A |   N/A | 100.0 |  61.3
               +-------+-------+-------+-------+-------+----------------------

Table legend: (Time is in decaauts)
 A = Elapsed time spent in this place.
 B = Non-inter-level travel time spent in this place.
 C = Inter-level travel time spent in this place.
 D = Time resting spent in this place.
 E = Time spent auto-exploring this place.
 F = Levels seen in this place.
 G = Mean time per level.
                   A        B        C        D        E       F      G
               +--------+--------+--------+--------+--------+-----+--------+
         Total |   2482 |   2415 |     67 |    217 |   1843 |   3 |  827.3 |
       Dungeon |   2482 |   2415 |     67 |    217 |   1843 |   3 |  827.3 |
               +--------+--------+--------+--------+--------+-----+--------+

Top non-repeatable levels by time:
     D:1: 1098 daAuts
     D:2: 1026 daAuts
     D:3: 358 daAuts
